 Dungeon Crawl Stone Soup version 0.23.2-11-gf996548c65 (webtiles) character file.

Game seed: 13987185289741299228

16251 MalarOregon the Grappler (level 12, -4/101 HPs)
             Began as a Ghoul Warper on June 4, 2019.
             Was a Priest of Makhleb.
             Killed from afar by a white draconian (7 damage)
             ... with a chilling blast
             ... in an ice cave.
             The game lasted 00:42:22 (14122 turns).

MalarOregon the Grappler (Ghoul Warper)            Turns: 14122, Time: 00:42:23

Health: -4/101     AC: 10    Str: 16    XL:     12   Next: 35%
Magic:  20/20      EV: 13    Int: 10    God:    Makhleb [***...]
Gold:   525        SH: 16    Dex: 10    Spells: 15/23 levels left

rFire    x . .     SeeInvis +     - Unarmed
rCold    + + .     Gourm    .   b - +2 large shield
rNeg     + + +     Faith    .   a - +0 leather armour
rPois    ∞         Spirit   .   n - +2 helmet {SInv}
rElec    .         Reflect  .   D - +0 cloak
rCorr    .         Harm     .   r - +1 pair of gloves
MR       .....                  (no boots)
Stlth    +.........             (no amulet)
HPRegen  0.00/turn              G - ring of ice
MPRegen  0.17/turn              A - +3 ring of evasion

@: rotting
A: rotting body, claws 1, carnivore, cold resistance 1, negative energy
resistance 3, inhibited regeneration, torment resistance, unbreathing
a: Minor Destruction, Lesser Servant of Makhleb, Renounce Religion


You were in an ice cave.
You worshipped Makhleb.
Makhleb was most pleased with you.
You were not hungry.

You visited 3 branches of the dungeon, and saw 13 of its levels.
You also visited: Ice Cave.

You collected 525 gold pieces.

Inventory:

Hand Weapons
 H - a +2 dagger of venom
   (You found it on level 9 of the Dungeon)
Missiles
 p - 13 tomahawks
 x - 2 throwing nets {!f}
 y - 2 javelins (quivered)
 J - 6 needles of sleeping
Armour
 a - a +0 leather armour (worn)
 b - a +2 large shield (worn)
   (You found it on level 2 of the Dungeon)
 n - a +2 helmet of see invisible (worn)
   (You took it off Robin on level 2 of the Dungeon)
 r - a +1 pair of gloves (worn)
   (You found it on level 4 of the Dungeon)
 D - a +0 cloak (worn)
   (You found it on level 8 of the Dungeon)
Jewellery
 d - an uncursed ring of fire
   (You found it on level 9 of the Dungeon)
 i - an uncursed ring of protection from fire
   (You found it on level 1 of the Dungeon)
 A - a +3 ring of evasion (right hand)
   (You found it on level 8 of the Dungeon)
 G - a ring of ice (left hand)
   (You found it on level 8 of the Dungeon)
 M - an uncursed ring of resist corrosion
   (You found it on level 11 of the Dungeon)
Wands
 C - a wand of enslavement (3)
   (You found it on level 9 of the Dungeon)
Scrolls
 c - a scroll of blinking
 f - 6 scrolls of enchant armour
 h - 10 scrolls of remove curse {@r2}
 j - 4 scrolls of teleportation {@r4}
 s - 2 scrolls of magic mapping
 t - 5 scrolls of enchant weapon
 u - 2 scrolls of immolation {!r}
 z - a scroll of fog
 L - a scroll of fear
Potions
 g - 6 potions of curing {@q1}
 k - 3 potions of resistance {unknown}
 l - 2 potions of lignification {unknown}
 m - 5 potions of flight {unknown}
 o - 2 potions of magic {unknown}
 q - 2 potions of berserk rage {unknown}
 v - 2 potions of heal wounds {@q2}
 B - 2 potions of ambrosia {unknown}
 E - 2 potions of haste {unknown}
 F - 3 potions of brilliance {unknown}
 I - a potion of invisibility
 K - a potion of mutation {unknown}
Miscellaneous
 N - a phial of floods
   (You found it in an ice cave)
Comestibles
 e - 21 rations {!d}
 w - 19 chunks of flesh


   Skills:
 + Level 8.0 Fighting
 + Level 6.4 Throwing
 + Level 6.3 Armour
 + Level 6.5 Dodging
 + Level 5.8 Shields
 - Level 10.0 Unarmed Combat
 + Level 6.1 Spellcasting
 - Level 2.6 Translocations
 + Level 6.4 Invocations


You had 15 spell levels left.
You knew the following spells:

 Your Spells              Type           Power        Failure   Level  Hunger
a - Petrify               Tmut/Erth      #.......     100%        4    ####...
b - Blink                 Tloc           N/A          83%         2    ##.....
q - Shroud of Golubria    Chrm/Tloc      #.........   95%         2    ##.....

Your spell library contained the following spells:

 Spells                   Type           Power        Failure   Level  Hunger
 Corona                   Hex            #......      96%         1    None
 Sandblast                Erth           #.....       96%         1    None
 Gell's Gravitas          Tloc           #.........   96%         3    ###....
 Lesser Beckoning         Tloc           #.........   96%         3    ###....
 Teleport Other           Tloc           #.......     96%         3    ###....
 Passwall                 Tmut/Erth      #.......     99%         2    ##.....
 Poisonous Vapours        Pois/Air       #.....       99%         2    ##.....
 Conjure Flame            Conj/Fire      #.......     100%        3    ###....
 Mephitic Cloud           Conj/Pois/Air  #.......     100%        3    ###....
 Stone Arrow              Conj/Erth      #.....       100%        3    ###....
 Passage of Golubria      Tloc           N/A          100%        4    ####...
 Lee's Rapid Deconstruct  Erth           #.........   100%        5    ######.
 Silence                  Hex/Air        #.........   100%        5    ######.
 Freezing Cloud           Conj/Ice/Air   #.........   100%        6    #######
 Invisibility             Hex            #.......     100%        6    #######
 Ring of Flames           Chrm/Fire      #.........   100%        7    #######
 Discord                  Hex            #.........   100%        8    #######


Dungeon Overview and Level Annotations

Branches:
Dungeon (11/15)            Temple (1/1) D:5            Lair (1/6) D:11
    Orc (0/2) D:9

Altars:
Ashenzari
Cheibriados
Dithmenos
Elyvilon
Fedhas
Gozag
Hepliaklqana
Kikubaaqudgha
Makhleb
Nemelex Xobeh
Okawaru
Qazlal
Ru
Sif Muna
Trog
Uskayaw
Vehumet
Wu Jian
Xom
Yredelemnul
Zin
The Shining One

Annotations:
D:3 1 runed translucent door, Crazy Yiuf


Innate Abilities, Weirdness & Mutations

Your body is rotting away.
You thrive on raw meat.
You are immune to poison.
You have sharp fingernails.
You are carnivorous and can eat meat at any time.
Your flesh is cold resistant. (rC+)
You are immune to negative energy. (rN+++)
You do not regenerate when monsters are visible.
You are immune to unholy pain and torment.
You can survive without breathing.


Message History

Your smoke demon gestures at the death yak.
The sticky flame hits the death yak.
The death yak is covered in liquid flames!
Your orange demon closely misses the death yak.
Your orange demon hits the death yak but does no damage.
The death yak burns!
The death yak gores your smoke demon.
Your smoke demon hits the death yak. x2
Your smoke demon hits the death yak but does no damage.
Your orange demon stings the death yak!
The death yak looks as sick as possible!
Your orange demon poisons the death yak!
Your orange demon hits the death yak but does no damage.
The death yak burns!
The death yak gores your orange demon!!
Your orange demon stings the death yak.
Your orange demon hits the death yak but does no damage.
Your smoke demon hits the death yak but does no damage.
Your smoke demon hits the death yak.
Your smoke demon hits the death yak but does no damage.
The death yak burns!
The death yak gores your orange demon!!
Your orange demon dies!
Your smoke demon gestures at the death yak.
The ball of steam hits the death yak!
A demon appears!
You can no longer hurl Makhleb's greater destruction.
The death yak burns!
The death yak dies!
Makhleb accepts your kill.
Your smoke demon gestures at the polar bear.
The polar bear is smitten.
The polar bear is engulfed in a cloud of scalding steam.
The polar bear bites your smoke demon!
Your smoke demon dies!
You swap places.
The polar bear is engulfed in a cloud of scalding steam.
Your orange demon stings the polar bear!
The polar bear looks as sick as possible!
Your orange demon poisons the polar bear!
Your orange demon barely misses the polar bear.
The polar bear bites your orange demon! The polar bear claws your orange demon.
The polar bear barely misses your orange demon.
A demon appears!
Your orange demon stings the polar bear!
The polar bear dies!
Makhleb accepts your kill.
Your Fighting skill increases to level 8!
The white draconian breathes frost at you.
The chilling blast hits your orange demon!!!
Your orange demon dies!
The chilling blast hits you! You resist.
You die...

h.## .Y#
#h# ##.#
#h## #.##
#d.# ##.#
##@#
###.##
##.#3#
#....#
##.#.##
≈≈≈
#.###.#
≈#≈≈##.##
.#
≈≈≈≈≈#..#
##
≈#≈≈≈##.##


You could see a white draconian, a polar bear and a friendly neqoxec.

Vanquished Creatures
  Gastronok (D:8)
  2 two-headed ogres (D:9)
  Pikel (D:7)
  An ugly thing (D:11)
  A gargoyle (D:9)
  A kobold demonologist (D:11)
  7 polar bears (IceCv)
  A hornet (D:9)
  2 hippogriffs (D:8)
  4 fire bats (D:10)
  A hungry ghost (D:9)
  8 wolves
  10 yaks (IceCv)
  2 water moccasins
  A crocodile (D:9)
  A hell hound (D:10)
  An orc warrior (D:9)
  7 ice beasts
  A slave (D:7)
  2 sky beasts
  3 phantoms
  4 ogres
  A centaur (D:5)
  A necrophage (D:7)
  6 bullfrogs
  2 troll zombies (D:9)
  2 scorpions
  4 killer bees (D:10)
  5 howler monkeys
  2 lava snakes (D:10)
  4 crimson imps
  A bullfrog zombie (D:5)
  A jelly (D:8)
  4 centaur skeletons
  4 hounds
  7 orc priests
  3 bullfrog skeletons
  12 orc wizards
  2 iguanas
  4 worker ants
  A killer bee zombie (D:8)
  6 ogre zombies (D:9)
  2 hound skeletons
  A worker ant zombie (D:8)
  Robin (D:2)
  12 adders
  A shadow imp (D:10)
  12 white imps (Lair:1)
  An ooze (D:3)
  5 adder zombies
  2 adder skeletons
  2 worms
  7 leopard geckos
  49 orcs
  7 giant cockroaches
  16 goblins
  10 hobgoblins
  11 jackals
  6 kobolds
  2 quokkas
  4 bats
  7 frilled lizards
  A goblin skeleton (D:9)
  5 goblin zombies (D:9)
  2 hobgoblin skeletons (D:9)
  A leopard gecko skeleton (D:9)
  4 orc skeletons (D:9)
  12 orc zombies (D:9)
  A quokka skeleton (D:5)
  A quokka zombie (D:5)
  10 rats
  A fire vortex (D:10)
330 creatures vanquished.

Vanquished Creatures (collateral kills)
  A hydra (D:11)
  2 death yaks (IceCv)
  A manticore (D:11)
  3 polar bears (IceCv)
  Grum (D:8)
  A hungry ghost (D:9)
  2 wolves (IceCv)
  A crimson imp (D:11)
  An orc priest (D:8)
  A hound (D:11)
  3 orc wizards (D:8)
  5 orcs
  An orc skeleton (D:9)
23 creatures vanquished.

Vanquished Creatures (others)
  3 yaks (IceCv)
  4 wolves
  2 slaves (D:7)
  A bullfrog (D:9)
  A scorpion (D:9)
  An orc wizard (D:9)
  An orc (D:7)
  A quokka (D:7)
  2 fire vortices (D:10)
16 creatures vanquished.

Grand Total: 369 creatures vanquished

Notes
Turn   | Place    | Note
-------+----------+-------------------------------------------
     0 | D:1      | MalarOregon the Ghoul Warper began the quest for the Orb.
     0 | D:1      | Reached XP level 1. HP: 17/17 MP: 2/2
    70 | D:1      | Reached skill level 1 in Throwing
    70 | D:1      | Reached skill level 1 in Armour
    72 | D:1      | Reached XP level 2. HP: 16/24 MP: 3/3
   440 | D:1      | Reached XP level 3. HP: 29/30 MP: 5/5
   499 | D:1      | Reached skill level 3 in Unarmed Combat
  1402 | D:2      | Reached XP level 4. HP: 12/37 MP: 6/6
  1662 | D:2      | Noticed Robin
  1932 | D:2      | Noticed a water moccasin
  1950 | D:2      | Killed a water moccasin
  1950 | D:2      | Reached XP level 5. HP: 4/45 MP: 7/7
  2375 | D:2      | Reached skill level 4 in Unarmed Combat
  2470 | D:2      | Killed Robin
  2524 | D:2      | Reached XP level 6. HP: 45/51 MP: 8/8
  2983 | D:3      | Found a runed translucent door.
  2984 | D:3      | Noticed Crazy Yiuf
  3660 | D:4      | Reached XP level 7. HP: 9/57 MP: 10/10
  4092 | D:4      | Reached skill level 1 in Shields
  4455 | D:5      | Entered Level 5 of the Dungeon
  4618 | D:4      | Reached skill level 5 in Unarmed Combat
  4957 | D:5      | Found a staircase to the Ecumenical Temple.
  5056 | D:5      | Reached XP level 8. HP: 38/66 MP: 11/11
  5063 | Temple   | Entered the Ecumenical Temple
  5161 | Temple   | Became a worshipper of Makhleb the Destroyer
  5362 | D:5      | Learned a level 2 spell: Blink
  5365 | D:5      | Learned a level 2 spell: Shroud of Golubria
  5454 | D:5      | Found a radiant altar of Vehumet.
  5625 | D:5      | Learned a level 4 spell: Petrify
  6107 | D:6      | Reached skill level 1 in Invocations
  6146 | D:6      | Reached skill level 6 in Unarmed Combat
  6391 | D:6      | Reached * piety under Makhleb
  6966 | D:7      | Reached XP level 9. HP: 66/72 MP: 13/13
  6995 | D:7      | Found a shattered altar of Ashenzari.
  7387 | D:7      | Noticed Pikel
  7405 | D:7      | Killed Pikel
  7405 | D:7      | Reached skill level 5 in Fighting
  7405 | D:7      | Reached skill level 7 in Unarmed Combat
  8142 | D:8      | Noticed Grum
  8154 | D:8      | Killed Grum
  8311 | D:8      | Reached XP level 10. HP: 18/82 MP: 15/15
  8807 | D:8      | Noticed Gastronok
  8833 | D:8      | Killed Gastronok
  8833 | D:8      | Reached skill level 5 in Dodging
  8833 | D:8      | Reached skill level 8 in Unarmed Combat
  9431 | D:9      | Reached ** piety under Makhleb
  9641 | D:9      | Found a staircase to the Orcish Mines.
  9776 | D:9      | Noticed a two-headed ogre
  9962 | D:9      | Reached skill level 5 in Throwing
 10013 | D:9      | Killed a two-headed ogre
 10013 | D:9      | Reached skill level 5 in Armour
 10013 | D:9      | Reached skill level 9 in Unarmed Combat
 10013 | D:9      | Reached skill level 5 in Spellcasting
 10013 | D:9      | Reached XP level 11. HP: 91/91 MP: 17/17
 10158 | D:9      | Found a sacrificial altar of Ru.
 10484 | D:9      | Reached skill level 5 in Invocations
 10658 | D:9      | Noticed a two-headed ogre
 10675 | D:9      | Killed a two-headed ogre
 10949 | D:10     | Entered Level 10 of the Dungeon
 11041 | D:10     | Reached *** piety under Makhleb
 11426 | D:10     | Reached skill level 5 in Shields
 11461 | D:10     | Identified the Tome of the Oath
 12546 | D:11     | Noticed a purple ugly thing
 12561 | D:11     | Killed a purple ugly thing
 12575 | D:11     | Noticed a six-headed hydra
 12739 | D:11     | Killed a six-headed hydra
 12739 | D:11     | Reached skill level 10 in Unarmed Combat
 12811 | D:11     | Noticed a manticore
 12817 | D:11     | Killed a manticore
 12917 | D:11     | Found a staircase to the Lair.
 13117 | Lair:1   | Entered Level 1 of the Lair of Beasts
 13125 | Lair:1   | Found a frozen archway.
 13180 | IceCv    | Entered an ice cave
 13212 | IceCv    | Reached **** piety under Makhleb
 13504 | IceCv    | Reached XP level 12. HP: 55/100 MP: 19/19
 13590 | IceCv    | HP: 3/100 [polar bear (8)]
 13917 | IceCv    | Noticed a death yak
 13931 | IceCv    | Killed a death yak
 14083 | IceCv    | Noticed a white draconian
 14083 | IceCv    | Noticed a death yak
 14118 | IceCv    | Killed a death yak
 14122 | IceCv    | Killed from afar by a white draconian

Skill      XL: |  1  2  3  4  5  6  7  8  9 10 11 12 |
---------------+-------------------------------------+-----
Throwing       | 1 2 3 4 5 6 |  6.4
Armour         | 1 2 3 4 5 6 |  6.3
Spellcasting   | 2 3 4 5 6 |  6.1
Dodging        | 2 3 4 5 6 |  6.5
Unarmed Combat | 3 4 5 6 7 9 10 | 10.0
Fighting       | 3 4 5 6 7 8 |  8.0
Shields        | 1 2 3 4 5 |  5.8
Invocations    | 2 3 4 6 |  6.4
Translocations | |  2.6

Action                   |  1- 3 |  4- 6 |  7- 9 | 10-12 || total
-------------------------+-------+-------+-------+-------++-------
Melee: Unarmed           |   145 |   301 |   660 |   941 ||  2047
Throw: Tomahawk          |       |     1 |    84 |    43 ||   128
       Javelin           |       |       |       |     5 ||     5
Invok: Lesser Servant of |       |       |       |     8 ||     8
       Minor Destruction |       |       |       |     1 ||     1
Evoke: Wand              |       |       |    11 |    12 ||    23
  Use: Scroll            |       |     5 |     6 |     3 ||    14
       Potion            |       |     2 |       |     3 ||     5
 Stab: Invisible         |       |       |       |     3 ||     3
       Distracted        |       |       |       |     1 ||     1
  Eat: Chunk             |     9 |    17 |    54 |    66 ||   146
Armor: Leather armour    |    50 |    67 |   157 |   221 ||   495
Dodge: Dodged            |    75 |    83 |   149 |   375 ||   682
Block: Large shield      |       |   166 |   373 |   839 ||  1378
       Shield            |       |       |    24 |       ||    24
